 Dungeon Crawl Stone Soup version 0.26-a0-708-g17f3b190f9 (console) character file.

Game seed: 13727371217255995626

165 om the Ruffian (level 5, -5/53 HPs)
             Began as a Troll Monk on Oct 29, 2020.
             Slain by a red devil
             ... wielding a +0 trident
             ... summoned by a kobold demonologist
              (18 damage)
             ... on level 4 of the Dungeon.
             The game lasted 00:04:12 (2598 turns).

om the Ruffian (Troll Monk)                         Turns: 2598, Time: 00:04:12

Health: -5/53      AC:  6    Str: 20    XL:     5   Next: 21%
Magic:  0/4        EV: 11    Int:  6    God:
Gold:   232        SH:  0    Dex: 12    Spells: 4/4 levels left

rFire    . . .     SeeInvis .     - Unarmed
rCold    . . .     Faith    .   (no shield)
rNeg     . . .     Spirit   +   a - +0 robe
rPois    .         Reflect  .   (helmet restricted)
rElec    .         Harm     .   (no cloak)
rCorr    .         Rampage  .   (gloves unavailable)
MR       .....                  (boots unavailable)
Stlth    ++........             d - amulet of guardian spirit
HPRegen  0.57/turn              (no ring)
MPRegen  0.09/turn              (no ring)

@: about to teleport
A: large, unfitting armour, claws 3, regeneration 1, shaggy fur 1, tough skin 3
a: no special abilities


You were on level 4 of the Dungeon.
You visited 1 branch of the dungeon, and saw 4 of its levels.

You collected 232 gold pieces.

Inventory:

Missiles
 l - 13 boomerangs (quivered)
Armour
 a - a +0 robe (worn)
Jewellery
 d - an amulet of guardian spirit (around neck)
 i - an uncursed amulet of the acrobat
Wands
 t - a wand of disintegration (23)
Scrolls
 c - 4 scrolls of identify
 f - a scroll of teleportation
 h - 2 scrolls of enchant weapon {unknown}
 j - 2 scrolls of noise {unknown}
 k - a scroll of blinking {unknown}
 m - 3 scrolls of random uselessness {unknown}
 n - a scroll of enchant armour {unknown}
 o - a scroll of remove curse {unknown}
 s - a scroll of fog {unknown}
Potions
 b - a potion of cancellation {unknown}
 e - 2 potions of ambrosia {unknown}
 g - 2 potions of lignification {unknown}
 p - a potion of brilliance {unknown}
 q - 2 potions of heal wounds {unknown}
 r - a potion of curing {unknown}


   Skills:
 - Level 3.0 Fighting
 * Level 1.0 Throwing
 + Level 1.4 Armour
 + Level 3.0 Dodging
 - Level 1.0 Stealth
 * Level 4.4 Unarmed Combat


You had 4 spell levels left.
You didn't know any spells.
Your spell library was empty.

Dungeon Overview and Level Annotations

Branches:
Dungeon (4/15)
 Temple: D:4-7

Altars:
Hepliaklqana
Trog

Annotations:
D:4 1 transporter


Innate Abilities, Weirdness & Mutations

You are too large for most types of armour.
You have claws for hands.
Your natural rate of healing is unusually fast.
You are covered in fur. (AC +1)
You have extremely tough skin. (AC +3)


Message History

The ufetubus barely misses you. The ynoxinul hits you.
* * * LOW HITPOINT WARNING * * *
The kobold demonologist mumbles some strange words.
The ufetubus barely misses you. x2; The ufetubus closely misses you.
The ufetubus barely misses you.
As you read the scroll of teleportation, it crumbles to dust.
You feel strangely unstable.
The ynoxinul disappears in a puff of smoke!
The ufetubus disappears in a puff of smoke! x6
The orc priest grunts noisily.
You claw the plant!
The plant begins to die.
The plant is lightly damaged.
The kobold demonologist casts a cantrip, but nothing happens.
You scratch the iron imp but do no damage.
The kobold demonologist mumbles some strange words.
The iron imp misses you.
You barely miss the iron imp. You completely miss the iron imp.
The ice devil misses you. The iron imp barely misses you.
The white imp closely misses you.
The red devil hits you from afar with a +0 trident!!
You die...

#.#..................# #.#
.......##.##.........# #.#
...........+.........# #.#
.....#.#.###.........##########.#
.......#.# ###..................#
#.##.###.#####.###############$.#
...............#8≈#o5o....#P8#...
.........#####.#P.#≈≈≈≈≈≈≈#.P#...
.....#.........#..#.§§§≈..#..#...
###..#.#####..©#5§4§.≈♣≈..'.©#©..
# #..#.# #...#@5#3§§≈≈..#..#..#
###..#.# #.#.#P4#≈≈≈≈≈≈≈#.P#.##
.......#####.#.#8P#K55....#P8#.#
.............#.###############.#
###..#.#####.#.............$...#
...........................#####
...............<......######
###.########.#........# # #.#
#.#...####.# .# ###..## #.# #..#
#.#


You could see an ice devil (summoned), a kobold demonologist, a smoke demon
(summoned), a red devil (summoned), an iron imp (summoned), 2 orc priests, a
white imp (summoned), 2 shadow imps and an ufetubus (summoned).

Vanquished Creatures
  A howler monkey (D:4)
  3 adders
  2 oozes
  An adder skeleton (D:4)
  A worm (D:2)
  2 dart slugs (D:2)
  2 leopard geckos (D:2)
  6 orcs
  10 bats
  2 giant cockroaches (D:2)
  8 hobgoblins
  4 jackals (D:1)
  10 kobolds
  2 ball pythons (D:1)
  4 frilled lizards
  10 goblins
  A jackal skeleton (D:4)
  8 rats
77 creatures vanquished.

Notes
Turn   | Place    | Note
-------+----------+-------------------------------------------
     0 | D:1      | om the Troll Monk began the quest for the Orb.
     0 | D:1      | Reached XP level 1. HP: 22/22 MP: 0/0
   109 | D:1      | Reached XP level 2. HP: 29/29 MP: 1/1
   280 | D:1      | Reached XP level 3. HP: 33/36 MP: 2/2
   835 | D:2      | Reached skill level 1 in Armour
  1016 | D:2      | Reached XP level 4. HP: 44/44 MP: 3/3
  1242 | D:2      | Found a hazy altar of Hepliaklqana.
  1246 | D:2      | Reached skill level 4 in Unarmed Combat
  1681 | D:3      | Found a bloodstained altar of Trog.
  2169 | D:4      | Reached XP level 5. HP: 53/53 MP: 4/4
  2179 | D:4      | Reached skill level 1 in Throwing
  2403 | D:4      | Found a transporter.
  2415 | D:4      | Noticed a kobold demonologist
  2464 | D:4      | Found a transporter.
  2579 | D:4      | Noticed a ynoxinul
  2592 | D:4      | Noticed a red devil
  2594 | D:4      | Noticed a smoke demon
  2597 | D:4      | Noticed an ice devil
  2598 | D:4      | Slain by a red devil

Illustrated notes

Levels and vault maps discovered:
D:1:      dpeg_arrival_shelter, layout_basic, minmay_pentomino_r2
D:2:      layout_loops_corners, lemuel_crystal_altar
D:3:      layout_loops_ring, trog_hazing_becter
D:4:      gammafunk_wand_slinger, layout_basic, serial_glass, glass_columns_a,
          glass_columns_c, uniq_purgy

Skill      XL: |  1  2  3  4  5 |
---------------+----------------+-----
Armour         | 1 |  1.4
Unarmed Combat | 4 |  4.4
Dodging        | 3 |  3.0
Fighting       | 3 |  3.0
Throwing       | 1 |  1.0
Stealth        | |  1.0

Action                   |  1- 3 |  4- 6 || total
-------------------------+-------+-------++-------
Melee: Unarmed           |    98 |    95 ||   193
       Punch             |       |     1 ||     1
Throw: Boomerang         |       |     6 ||     6
  Use: Scroll            |       |     2 ||     2
 Stab: Sleeping          |     2 |     3 ||     5
Armor: Robe              |    72 |    37 ||   109
Dodge: Dodged            |    63 |    64 ||   127

Table legend: (Time is in decaauts)
 A = Elapsed time spent in this place.
 B = Non-inter-level travel time spent in this place.
 C = Inter-level travel time spent in this place.
 D = Time resting spent in this place.
 E = Time spent auto-exploring this place.
 F = Levels seen in this place.
 G = Mean time per level.
                   A        B        C        D        E       F      G
               +--------+--------+--------+--------+--------+-----+--------+
         Total |   2588 |   2477 |    111 |    105 |   1807 |   4 |  647.0 |
       Dungeon |   2588 |   2477 |    111 |    105 |   1807 |   4 |  647.0 |
               +--------+--------+--------+--------+--------+-----+--------+

Top non-repeatable levels by time:
     D:2: 826 daAuts
     D:3: 654 daAuts
     D:4: 564 daAuts
     D:1: 543 daAuts
